 Dungeon Crawl Stone Soup version 0.30-a0-800-g7c544603b3 (webtiles) character file.

Game seed: 1684017084998610254

33889 Lobster4 the Grappler (level 13, 0/128 HPs)
             Began as a Troll Gladiator on Feb 21, 2023.
             Was the Champion of Wu Jian.
             Slain by a meliai
             ... wielding a +0 war axe
              (9 damage)
             ... on level 13 of the Dungeon.
             The game lasted 00:43:04 (14177 turns).

Lobster4 the Grappler (Troll Gladiator)            Turns: 14177, Time: 00:43:05

Health: 0/128      AC: 11    Str: 25    XL:     13   Next: 39%
Magic:  14/14      EV: 14    Int:  8    God:    Wu Jian [******]
Gold:   1283       SH:  0    Dex: 17    Spells: 11/14 levels left

rFire   . . .      SeeInvis .      - Unarmed
rCold   . . .      Faith    .    (no shield)
rNeg    . . .      Spirit   .    i - +0 troll leather armour
rPois   .          Reflect  .    b - +1 hat
rElec   .          Harm     .    r - +2 cloak
rCorr   .          Rampage  .    (gloves unavailable)
Will    +....                    (boots unavailable)
Stlth   +                        y - amulet of regeneration
HPRegen 2.81/turn                m - ring of willpower
MPRegen 0.14/turn                u - +6 ring of dexterity

@: lethally poisoned (0 -> -1)
A: large, unfitting armour, claws 3, regeneration 1, shaggy fur 1, tough skin 1
a: Renounce Religion, Wall Jump, Serpent's Lash, Heavenly Storm


You were on level 13 of the Dungeon.
You worshipped Wu Jian.
Wu Jian was exalted by your worship.
You visited 2 branches of the dungeon, and saw 15 of its levels.
You also visited: Sewer and Ossuary.

You collected 1283 gold pieces.

Inventory:

Hand Weapons
 z - a +0 sling
 A - a +4 mace of holy wrath
 F - a +0 giant spiked club of flaming
 J - a +0 arbalest of freezing
 R - a +2 dire flail of protection
Missiles
 c - 4 throwing nets
 d - 9 large rocks
 g - 4 atropa-tipped darts
 l - 23 poisoned darts (quivered)
 H - 20 boomerangs
 M - a curare-tipped dart
 Q - a boomerang of dispersal
Armour
 b - a +1 hat (worn)
 i - a +0 troll leather armour (worn)
 p - a +2 robe of resistance
 r - a +2 cloak (worn)
 I - a +0 robe of willpower
Jewellery
 m - a ring of willpower (left claw)
 u - a +6 ring of dexterity (right claw)
 v - a ring of protection from cold
 y - an amulet of regeneration (around neck)
Wands
 a - a wand of charming (15)
 O - a wand of roots (2)
 P - a wand of flame (9)
Scrolls
 j - 4 scrolls of immolation
 s - 4 scrolls of teleportation
 w - a scroll of brand weapon
 C - a scroll of enchant weapon
 D - 10 scrolls of identify
 L - a scroll of blinking
 N - 2 scrolls of silence
Potions
 e - 11 potions of curing
 f - 3 potions of brilliance
 h - 4 potions of magic
 k - 8 potions of invisibility
 n - 4 potions of ambrosia
 q - 5 potions of mutation
 t - 2 potions of resistance
 x - 4 potions of haste
 B - 2 potions of berserk rage
 E - 3 potions of heal wounds
 G - a potion of might
 K - a potion of flight


   Skills:
 + Level 8.4 Fighting
 + Level 8.4 Maces & Flails
 + Level 8.4 Throwing
 + Level 6.7 Armour
 + Level 8.7 Dodging
 + Level 10.5 Unarmed Combat
 + Level 1.4 Spellcasting
 + Level 1.7 Ice Magic
 - Level 4.1 Evocations


You had 11 spell levels left.
You knew the following spells:

 Your Spells              Type           Power      Damage    Failure   Level
a - Ozocubu's Armour      Ice            3%         N/A       54%         3

Your spell library contained the following spells:

 Spells                   Type           Power      Damage    Failure   Level
 Slow                     Hex            0%         N/A       38%         1
 Call Canine Familiar     Summ           0%         N/A       77%         3
 Confusing Touch          Hex            0%         N/A       77%         3
 Portal Projectile        Hex/Tloc       0%         N/A       77%         3
 Vampiric Draining        Necr           0%         2d6       77%         3
 Leda's Liquefaction      Hex/Erth       0%         N/A       99%         4
 Alistair's Intoxication  Tmut/Pois      0%         N/A       100%        5
 Borgnjor's Vile Clutch   Necr/Erth      0%         N/A       100%        5
 Metabolic Englaciation   Hex/Ice        0%         N/A       100%        5
 Eringya's Noxious Bog    Tmut/Pois      0%         N/A       100%        6
 Simulacrum               Ice/Necr       0%         N/A       100%        6
 Ozocubu's Refrigeration  Ice            1%         4d7       100%        7


Dungeon Overview and Level Annotations

Branches:
Dungeon (13/15)            Temple (0/1) D:6            Lair (0/5) D:11
    Orc (2/2) D:9             Elf (0/3) Orc:2         Sewer (visited)
Ossuary (visited)
 Vaults: D:13-14

Altars:
Cheibriados
Dithmenos
Elyvilon
Gozag
Hepliaklqana
Kikubaaqudgha
Makhleb
Nemelex Xobeh
Ru
Trog
Wu Jian
The Shining One

Shops:
D:6 **   D:9 [=?   D:10 ?   Orc:2 (:([

Annotations:
D:5 2 transporters, pigah's ghost, amateur OpWn


Innate Abilities, Weirdness & Mutations

You are too large for most types of armour.
You have claws for hands.
Your natural rate of healing is unusually fast.
You are covered in fur. (AC +1)
You have tough skin. (AC +1)


Message History

The meliai poisons you!
You miss the meliai.
The meliai is heavily wounded.
You feel very sick. The meliai hits you with a +0 war axe!
The meliai stings you but does no damage.
The meliai hits you with a +0 war axe.
The meliai stings you but does no damage.
You closely miss the meliai.
The meliai is heavily wounded.
You feel very sick. The meliai hits you with a +0 war axe.
The meliai stings you!
You scratch the meliai but do no damage.
The meliai is heavily wounded.
You feel sick. The meliai closely misses you. The meliai stings you.
The meliai barely misses you. The meliai stings you.
* * * LOW HITPOINT WARNING * * *
You claw the meliai!
The meliai is almost dead.
You feel sick. The meliai closely misses you. The meliai barely misses you. x2
The meliai stings you.
* * * LOW HITPOINT WARNING * * *
You are more poisoned.
The meliai poisons you!
You scratch the meliai but do no damage.
The meliai is severely wounded.
You hear the beating of a very distant drum.
You feel very sick. The meliai closely misses you.
The meliai stings you but does no damage.
You barely miss the meliai.
The meliai is severely wounded.
You feel very sick.
The meliai calls down the wrath of its god upon you.
Something smites you!
* * * LOW HITPOINT WARNING * * *
The meliai hits you with a +0 war axe!
* * * LOW HITPOINT WARNING * * *
The meliai stings you!
You die...

#. .# #### .#
##..### .# ##.....#
##.# ##....... #..#
#........ #..#
##.}......
###########.##
#..<......
....†yy†.##@#
##.........
..†...##†##y#
#.......... †..†.
#....# ##..........
.††. ###..#
#........... †..
###..##
##.......... ##
##.....##
#......####
#.......## ####..##
#.........## ##†.##
............###..##


You could see a meliai.

Vanquished Creatures
  A boulder beetle (D:11)
  6 death yaks
  3 two-headed ogres
  A harpy (shapeshifter) (D:13)
  2 ugly things (D:12)
  3 orc knights
  2 manticores (D:11)
  3 orc sorcerers
  2 cyclopes
  2 gargoyles (D:12)
  A komodo dragon (D:13)
  An unseen horror (D:11)
  A kobold demonologist (D:11)
  2 tengu conjurers (D:12)
  A queen bee (D:13)
  6 trolls
  2 meliai (D:13)
  Prince Ribbit (D:7)
  10 slime creatures (D:12)
  29 yaks
  2 wraiths
  A wyvern (D:10)
  Eustachio (D:6)
  A steam dragon (D:7)
  Menkaure (Ossuary)
  9 vampire mosquitoes (D:12)
  2 acid dragons
  3 water moccasins
  42 orc warriors
  An ice beast (D:7)
  A black bear (D:7)
  4 ogres
  10 centaurs
  3 kobold brigands
  A bullfrog (D:8)
  Blork the orc (D:6)
  3 scorpions (D:4)
  3 necrophages
  8 wights
  22 killer bees (D:13)
  2 electric eels (D:10)
  4 howler monkeys
  A jelly (D:6)
  2 hounds
  12 orc priests
  4 gnoll boudas
  5 iguanas
  Ijyb (D:3)
  23 orc wizards
  4 mummies
  Robin (D:3)
  8 adders
  23 gnolls
  5 river rats (D:3)
  2 white imps
  6 worms
  A dart slug (D:1)
  73 orcs
  9 bats
  9 endoplasms
  7 giant cockroaches
  5 gnoll zombies (Ossuary)
  16 goblins
  5 hobgoblins
  5 jackals (D:1)
  21 kobolds
  3 quokkas
  8 ball pythons
  5 frilled lizards
  4 gnoll skeletons (Ossuary)
  4 goblin skeletons (Ossuary)
  4 goblin zombies (Ossuary)
  6 hobgoblin skeletons (Ossuary)
  3 hobgoblin zombies (Ossuary)
  7 kobold skeletons (Ossuary)
  2 kobold zombies (D:6)
  5 orc zombies (Ossuary)
  9 rats
  4 rat skeletons (Ossuary)
  8 rat zombies (Ossuary)
524 creatures vanquished.

Vanquished Creatures (others)
  An orc warrior (Orc:2)
  An orc (Orc:2)
  2 fungi (D:5)
  18 plants
22 creatures vanquished.

Grand Total: 546 creatures vanquished

Notes
Turn   | Place    | Note
-------+----------+-------------------------------------------
     0 | D:1      | Lobster4 the Troll Gladiator began the quest for the Orb.
     0 | D:1      | Reached XP level 1. HP: 19/19 MP: 0/0
   217 | D:1      | Reached XP level 2. HP: 28/28 MP: 1/1
  1017 | D:1      | Reached XP level 3. HP: 33/35 MP: 2/2
  1157 | D:2      | Reached skill level 1 in Armour
  1157 | D:2      | Reached XP level 4. HP: 35/42 MP: 3/3
  1982 | D:3      | Noticed Robin
  1994 | D:3      | Killed Robin
  2078 | D:3      | Reached XP level 5. HP: 49/49 MP: 4/4
  2115 | D:3      | Found a glowing drain.
  2120 | Sewer    | Entered a sewer
  2217 | Sewer    | Reached skill level 1 in Maces & Flails
  2286 | Sewer    | Reached XP level 6. HP: 59/59 MP: 5/5
  2385 | Sewer    | Reached skill level 4 in Unarmed Combat
  2465 | D:3      | Noticed Ijyb
  2475 | D:3      | Killed Ijyb
  3384 | D:4      | Found an ancient bone altar of Kikubaaqudgha.
  3386 | D:4      | Found an opulent altar of Gozag.
  3387 | D:4      | Found an ornate altar of the Wu Jian Council.
  3407 | D:4      | Found a hazy altar of Hepliaklqana.
  3422 | D:4      | Became a worshipper of the Wu Jian Council
  3545 | D:4      | Reached XP level 7. HP: 66/66 MP: 6/6
  4026 | D:4      | Reached skill level 1 in Evocations
  4430 | D:5      | Entered Level 5 of the Dungeon
  4503 | D:5      | Reached * piety under Wu Jian
  4670 | D:5      | Found a bloodstained altar of Trog.
  4691 | D:5      | Reached XP level 8. HP: 58/75 MP: 7/7
  4717 | D:5      | Reached skill level 5 in Unarmed Combat
  4972 | D:5      | Reached skill level 5 in Fighting
  4972 | D:5      | Reached skill level 5 in Maces & Flails
  4972 | D:5      | Reached skill level 5 in Dodging
  4972 | D:5      | Reached skill level 7 in Unarmed Combat
  4972 | D:5      | Reached XP level 9. HP: 88/88 MP: 8/8
  5149 | D:5      | Noticed pigah's ghost (amateur OpWn)
  5159 | D:5      | Found a transporter.
  5212 | D:5      | Found a transporter.
  5399 | D:6      | Found Teteul's Assorted Antiques.
  5471 | D:6      | Noticed Eustachio
  5501 | D:6      | Killed Eustachio
  5505 | D:6      | Found a shadowy altar of Dithmenos.
  5547 | D:6      | Noticed Blork the orc
  5556 | D:6      | Killed Blork the orc
  5585 | D:6      | Found a sand-covered staircase.
  5596 | D:6      | Reached ** piety under Wu Jian
  5613 | Ossuary  | Entered an ossuary
  5977 | Ossuary  | Reached *** piety under Wu Jian
  6092 | Ossuary  | Noticed Menkaure
  6098 | Ossuary  | Killed Menkaure
  6196 | D:6      | Found Jytsuumm's Fire Supplies.
  6402 | D:6      | Found a staircase to the Ecumenical Temple.
  6701 | D:7      | Noticed Prince Ribbit
  6742 | D:7      | Killed Prince Ribbit
  6875 | D:7      | Reached XP level 10. HP: 97/98 MP: 9/9
  6995 | D:7      | Reached **** piety under Wu Jian
  7123 | D:7      | Found a sacrificial altar of Ru.
  7742 | D:8      | Reached skill level 8 in Unarmed Combat
  7782 | D:8      | Found a burning altar of Makhleb.
  7782 | D:8      | Found a glowing golden altar of the Shining One.
  7783 | D:8      | Found a white marble altar of Elyvilon.
  8212 | D:9      | Found Suzxent's Antique Armour Shop.
  8248 | D:9      | Reached ***** piety under Wu Jian
  8416 | D:9      | Found Kyos's Jewellery Boutique.
  8437 | D:9      | Found Sedumil's Magic Scroll Emporium.
  8460 | D:9      | Reached XP level 11. HP: 99/107 MP: 10/10
  8493 | D:9      | Found a staircase to the Orcish Mines.
  8658 | D:10     | Entered Level 10 of the Dungeon
  8799 | D:10     | Found a snail-covered altar of Cheibriados.
  8831 | D:10     | Found a sparkling altar of Nemelex Xobeh.
  8951 | D:10     | Noticed a two-headed ogre
  8958 | D:10     | Killed a two-headed ogre
  9465 | D:10     | Found Gant's Magic Scroll Shop.
  9565 | D:11     | Noticed a death yak
  9577 | D:11     | Noticed a death yak
  9578 | D:11     | Noticed a death yak
  9580 | D:11     | Noticed a death yak
  9586 | D:10     | Killed a death yak
  9587 | D:10     | Reached skill level 9 in Unarmed Combat
  9683 | D:11     | Noticed a two-headed ogre
  9710 | D:11     | Killed a two-headed ogre
  9818 | D:11     | Noticed a boulder beetle
  9831 | D:11     | Killed a boulder beetle
  9832 | D:11     | Reached skill level 5 in Armour
  9851 | D:11     | Noticed a death yak
  9887 | D:10     | Killed a death yak
  9989 | D:11     | Noticed a two-headed ogre
  9997 | D:11     | Killed a two-headed ogre
 10188 | D:11     | Reached XP level 12. HP: 83/118 MP: 11/11
 10228 | D:11     | Noticed a death yak
 10255 | D:11     | Killed a death yak
 10283 | D:10     | Killed a death yak
 10392 | D:11     | Found a staircase to the Lair.
 10468 | D:11     | Killed a death yak
 10475 | D:11     | Killed a death yak
 10744 | Orc:1    | Entered Level 1 of the Orcish Mines
 11392 | Orc:2    | Entered Level 2 of the Orcish Mines
 11428 | Orc:2    | Reached skill level 10 in Unarmed Combat
 11548 | Orc:1    | Reached ****** piety under Wu Jian
 11891 | Orc:2    | Found a staircase to the Elven Halls.
 12227 | Orc:2    | Found Joggoreu's Weapon Boutique.
 12227 | Orc:2    | Found Koggev's Book Shoppe.
 12252 | Orc:2    | Found Kaikuid's Antique Armour Shop.
 12254 | Orc:2    | Found Hakyfuak's Weapon Emporium.
 12848 | D:12     | Learned a level 3 spell: Ozocubu's Armour
 13132 | D:12     | Reached XP level 13. HP: 116/127 MP: 12/12
 13419 | D:12     | Identified the +8 long sword of the Heavens {flame, Contam
                  | Will+ Int+4 Stlth+}
 13591 | D:12     | Reached skill level 1 in Ice Magic
 13848 | D:12     | Reached skill level 1 in Spellcasting
 14177 | D:13     | Slain by a meliai

Illustrated notes

Levels and vault maps discovered:
D:1:      lemuel_arrival_muddy, layout_basic, nrook_campfire
D:2:      layout_loops_corners, serial_aquarium, aquarium_bridge_square
          [aquarium_subvault_bridge, aquarium_subvault_wall,
          aquarium_subvault_window, aquarium_subvault_bridge],
          aquarium_window_2, aquarium_window_2, aquarium_window_fake,
          aquarium_view_2a, aquarium_view_2c, aquarium_pool_2
D:3:      layout_basic, lightli_sewer_entry_pipes, nicolae_underground_beach,
          uniq_robin, uniq_ijyb
D:4:      kennysheep_six_static_rooms, layout_loops_corners,
          nicolae_overflow_quartered_altars, hangedman_feature_mirror,
          kennysheep_generic_room_12
D:5:      layout_loops_ring, mainiacjoe_overflow_boulevard,
          gammafunk_ghost_mausoleum, nicolae_grassy_gnolls
D:6:      layout_loops_ring, nicolae_dithmenos_through_a_glass_darkly,
          minmay_temple_entry_large_hall, nicolae_ossuary_entry_giza,
          serial_shops, shop_fountains, nicolae_shop_fire_sale
          [nicolae_sub_dead_trees], uniq_blork_the_orc, uniq_eustachio
D:7:      layout_basic, lemuel_crystal_altar, uniq_prince_ribbit1
D:8:      layout_basic, gammafunk_temple_overflow_claw, kennysheep_nondescript,
          minmay_orc_keep
D:9:      lemuel_flame_loot_2, layout_small_grid, david_orc_3, serial_shops,
          nicolae_shop_trees, shop_statue, shop
D:10:     layout_basic, slow_altar_1, nemelex_spade_bored_becter, serial_shops,
          kennysheep_little_box, serial_bayou_lagoon_b
D:11:     layout_irregular_city, dpeg_lair_monsters, nzn_sisyphean_effort
D:12:     layout_grid_maze
D:13:     layout_cave_pods, grunt_vaults_entry_tiered, special_room
          [special_room_bee], gauntlet_entry_generic, serial_shops,
          nicolae_shop_temple_entry_statues_fountains
Orc:1:    layout_diamond_mine, basic_altar
Orc:2:    st_orc_rangers, layout_caves

Skill      XL: |  1  2  3  4  5  6  7  8  9 10 11 12 13 |
---------------+----------------------------------------+-----
Throwing       | 2 3 6 7 8 |  8.4
Fighting       | 2 3 5 6 7 8 |  8.4
Armour         | 1 2 3 5 6 |  6.7
Dodging        | 3 5 6 7 8 |  8.7
Maces & Flails | 1 2 5 7 8 |  8.4
Unarmed Combat | 4 7 8 9 10 | 10.5
Evocations     | 1 4 |  4.1
Ice Magic      | 1 |  1.7
Spellcasting   | 1 |  1.4

Action                     |  1- 3 |  4- 6 |  7- 9 | 10-12 | 13-15 || total
---------------------------+-------+-------+-------+-------+-------++-------
  Melee: Unarmed           |    84 |   209 |   339 |   797 |   206 ||  1635
         Punch             |     1 |     5 |    13 |    62 |    16 ||    97
  Throw: Stone             |     3 |     1 |       |       |       ||     4
         Dart              |       |     4 |     3 |    70 |     6 ||    83
         Throwing net      |       |       |     1 |       |       ||     1
         Large rock        |       |       |       |     4 |       ||     4
         Boomerang         |       |       |       |     1 |       ||     1
Ability: Lunge             |       |     1 |    50 |    42 |     6 ||    99
         Whirlwind         |       |       |     1 |    13 |       ||    14
         Wall Jump         |       |       |       |     1 |       ||     1
    Use: Scroll            |       |    12 |    14 |     7 |     1 ||    34
         Potion            |       |       |     1 |       |       ||     1
   Stab: Sleeping          |     1 |     1 |     6 |     1 |       ||     9
         Distracted        |       |       |       |     2 |       ||     2
 Armour: Robe              |    22 |    85 |    59 |   209 |     6 ||   381
         Troll leather arm |       |       |       |       |    45 ||    45
  Dodge: Dodged            |    33 |   102 |   124 |   533 |   161 ||   953

Table legend: (Time is in decaauts)
 A = Elapsed time spent in this place.
 B = Non-inter-level travel time spent in this place.
 C = Inter-level travel time spent in this place.
 D = Time resting spent in this place.
 E = Time spent auto-exploring this place.
 F = Levels seen in this place.
 G = Mean time per level.
                   A        B        C        D        E       F      G
               +--------+--------+--------+--------+--------+-----+--------+
         Total |  13975 |  13178 |    797 |    357 |   8891 |  17 |  822.1 |
       Dungeon |  11397 |  10680 |    717 |    170 |   7819 |  13 |  876.7 |
  Orcish Mines |   1723 |   1643 |     80 |    148 |    738 |   2 |  861.5 |
         Sewer |    324 |    324 |      0 |      0 |    155 |   1 |  324.0 |
       Ossuary |    530 |    530 |      0 |     39 |    179 |   1 |  530.0 |
               +--------+--------+--------+--------+--------+-----+--------+

Top non-repeatable levels by time:
    D:12: 1138 daAuts
     D:4: 1125 daAuts
     D:3: 1105 daAuts
    D:10: 1068 daAuts
    D:11: 1042 daAuts
     D:1: 1009 daAuts
   Orc:2: 1006 daAuts
     D:2: 905 daAuts
     D:6: 843 daAuts
     D:5: 811 daAuts
     D:9: 785 daAuts
     D:7: 736 daAuts
   Orc:1: 716 daAuts
     D:8: 673 daAuts
 Ossuary: 530 daAuts
